 Dungeon Crawl Stone Soup version 0.26-a0-812-g31a745ddcd (webtiles) character file.

Game seed: 3754368088597216558

163 Azzok the Chopper (level 5, 0/41 HPs)
             Began as a Demonspawn Berserker on Nov 15, 2020.
             Was a Believer of Trog.
             Succumbed to Sigmund's poison
             ... on level 3 of the Dungeon.
             The game lasted 00:02:09 (2510 turns).

Azzok the Chopper (Demonspawn Berserker)            Turns: 2510, Time: 00:02:10

Health: 0/41       AC:  8    Str: 18    XL:     5   Next: 20%
Magic:  5/5        EV: 11    Int:  8    God:    Trog [**....]
Gold:   109        SH:  0    Dex: 13    Spells: 4/4 levels left

rFire    . . .     SeeInvis .   a - +0 hand axe
rCold    . . .     Faith    .   (no shield)
rNeg     . . .     Spirit   .   d - +0 chain mail
rPois    .         Reflect  .   (helmet restricted)
rElec    .         Harm     .   (no cloak)
rCorr    .         Rampage  .   (no gloves)
MR       .....                  (no boots)
Stlth    ..........             (no amulet)
HPRegen  0.13/turn              m - +4 ring of evasion
MPRegen  0.09/turn              (no ring)

@: lethally poisoned (0 -> -18), berserk cooldown, slowed, very slow
A: horns 1
a: Berserk, Trog's Hand, Renounce Religion


You were on level 3 of the Dungeon.
You worshipped Trog.
Trog was pleased with you.
You visited 1 branch of the dungeon, and saw 3 of its levels.

You collected 109 gold pieces.

Inventory:

Hand Weapons
 a - a +0 hand axe (weapon)
Armour
 d - a +0 chain mail (worn)
Jewellery
 m - a +4 ring of evasion (left hand)
Scrolls
 b - a scroll of remove curse {unknown}
 f - 5 scrolls of identify {unknown}
 g - a scroll of teleportation {unknown}
 k - a scroll of immolation {unknown}
 l - a scroll of blinking {unknown}
Potions
 c - 2 potions of flight {unknown}
 e - 2 potions of curing {unknown}
 h - a potion of might {unknown}
 i - a potion of berserk rage {unknown}
 j - a potion of lignification {unknown}


   Skills:
 - Level 3.0 Fighting
 + Level 5.4 Axes
 - Level 1.7 Armour
 - Level 1.7 Dodging


You had 4 spell levels left.
You didn't know any spells.
Your spell library was empty.

Dungeon Overview and Level Annotations

Branches:
Dungeon (3/15)

Altars:
Kikubaaqudgha
Makhleb
Qazlal
Yredelemnul

Annotations:
D:3 1 runed translucent door, 2 transporters, Crazy Yiuf, Menkaure, Sigmund


Innate Abilities, Weirdness & Mutations

You have a pair of small horns on your head.


Message History

You feel sick. Sigmund closely misses you.
You bump into the rock wall.
You feel your anger nearly subside.
You are no longer berserk.
You are exhausted.
You feel yourself slow down.
* * * LOW HITPOINT WARNING * * *
You feel sick.
You bump into the rock wall.
* * * LOW HITPOINT WARNING * * *
You feel very sick.
Sigmund gestures wildly while chanting.
Sigmund flickers and vanishes!
Deactivating autopickup; reactivate with Ctrl-A.
You completely miss something.
You feel less confused.
* * * LOW HITPOINT WARNING * * *
You feel very sick. Something completely misses you.
You barely miss something.
You die...

▒·▒·?$_"⌠$_$[·▒··▒
▒·▒···!·······▒··▒
▒·▒··▒▒···▒▒··▒··▒
▒·▒··▒8···8▒··▒·)▒
▒·▒··▒▒···▒▒··▒··▒
▒·▒·····©·····▒···
▒·▒··▒▒···▒▒··▒···
▒·▒M·▒ · ▒··▒···
▒@▒Z·▒ ▒··▒··▒
▒{▒·····) ····▒··▒
▒·▒··········©▒··▒
▒·▒▒▒▒▒▒▒▒▒▒▒▒▒··▒
▒·······©········▒
▒▒▒·▒▒▒·· ·▒▒▒····
·▒ ▒· ▒ ·▒ ▒ ▒
·▒▒▒·▒


You could see Menkaure and a quokka zombie.

Vanquished Creatures
  4 gnolls (D:2)
  5 adders
  An ooze (D:2)
  3 worms
  2 dart slugs
  An orc (D:3)
  3 ball pythons
  A giant cockroach (D:3)
  5 goblins
  9 hobgoblins
  2 quokkas
  11 bats
  2 frilled lizards (D:1)
  5 kobolds
  10 rats
64 creatures vanquished.

Notes
Turn   | Place    | Note
-------+----------+-------------------------------------------
     0 | D:1      | Azzok the Demonspawn Berserker began the quest for the Orb.
     0 | D:1      | Reached XP level 1. HP: 18/18 MP: 1/1
   233 | D:1      | Reached skill level 3 in Axes
   293 | D:1      | Gained mutation: You have a pair of small horns on your
                  | head. [demonic ancestry]
   293 | D:1      | Reached XP level 2. HP: 21/24 MP: 2/2
   865 | D:2      | Reached skill level 4 in Axes
   865 | D:2      | Reached XP level 3. HP: 29/29 MP: 3/3
   869 | D:2      | Reached XP level 4. HP: 34/35 MP: 4/4
   998 | D:2      | Reached ** piety under Trog
  1318 | D:2      | Found a burning altar of Makhleb.
  1632 | D:3      | Reached skill level 5 in Axes
  2117 | D:3      | Found a runed translucent door.
  2118 | D:3      | Noticed Crazy Yiuf
  2173 | D:3      | Found a stormy altar of Qazlal.
  2190 | D:3      | Reached XP level 5. HP: 41/41 MP: 5/5
  2457 | D:3      | Found a transporter.
  2459 | D:3      | Found a basalt altar of Yredelemnul.
  2472 | D:3      | Noticed Menkaure
  2474 | D:3      | Found an ancient bone altar of Kikubaaqudgha.
  2491 | D:3      | Noticed Sigmund
  2492 | D:3      | Found a transporter.
  2509 | D:3      | HP: 1/41 [poisoned by Sigmund]
  2510 | D:3      | Succumbed to Sigmund's poison

Illustrated notes

Levels and vault maps discovered:
D:1:      roderic_chinese_lattice_arrival, layout_rooms
D:2:      layout_basic, overflow_temple_1_default, grunt_decor_cap
D:3:      layout_rooms, gammafunk_temple_of_torment, grunt_qazlal_clouds,
          minmay_pentomino_pile, uniq_crazy_yiuf_cottage, uniq_sigmund

Skill      XL: |  1  2  3  4 |
---------------+-------------+-----
Axes           | 3 4 5 |  5.4
Fighting       | |  3.0
Armour         | |  1.7
Dodging        | |  1.7

Action                   |  1- 3 |  4- 6 || total
-------------------------+-------+-------++-------
Melee: Hand axe          |    68 |   130 ||   198
       Headbutt          |     7 |    23 ||    30
Invok: Berserk           |     1 |     1 ||     2
Armor: Animal skin       |     4 |       ||     4
       Chain mail        |    47 |    85 ||   132
Dodge: Dodged            |    51 |    65 ||   116

Table legend: (Time is in decaauts)
 A = Elapsed time spent in this place.
 B = Non-inter-level travel time spent in this place.
 C = Inter-level travel time spent in this place.
 D = Time resting spent in this place.
 E = Time spent auto-exploring this place.
 F = Levels seen in this place.
 G = Mean time per level.
                   A        B        C        D        E       F      G
               +--------+--------+--------+--------+--------+-----+--------+
         Total |   2532 |   2474 |     58 |    168 |   1844 |   3 |  844.0 |
       Dungeon |   2532 |   2474 |     58 |    168 |   1844 |   3 |  844.0 |
               +--------+--------+--------+--------+--------+-----+--------+

Top non-repeatable levels by time:
     D:3: 904 daAuts
     D:2: 833 daAuts
     D:1: 795 daAuts
